[Event "Titled Tuesday Blitz November 9 2021"]
[White "Andreikin, Dmitry"]
[Black "Holt, Conrad"]
[WhiteFideId "4158814"]
[BlackFideId "2034387"]
[WhiteElo "2736"]
[BlackElo "2586"]
[Result "1-0"]
[Round "07"]
[TimeControl "180+1"]
[Date "2021.11.09"]
[WhiteClock "0:00:39"]
[BlackClock "0:00:01"]

1. d4 d5 2. Nf3 Nf6 3. e3 c5 4. Nbd2 Nc6 5. c3 e6 6. Bd3 Bd6 7. O-O O-O 8. dxc5 Bxc5 9. b4 Bd6 10. Bb2 a5 11. b5 Ne7 12. c4 Ng6 13. Rc1 Qe7 14. cxd5 exd5 15. h3 a4 16. Nd4 Ne4 17. Bxe4 dxe4 18. Qh5 f5 19. Rxc8 Raxc8 20. Nxf5 Qd7 21. Nxd6 Qxd6 22. Nxe4 Qb4 23. Bd4 Qe7 24. Nc5 a3 25. f4 Qf7 26. f5 Ne7 27. Qg4 Nxf5 28. Rxf5 1-0


[Site "https://www.chess.com"]

[Event "Titled Tuesday Blitz November 9 2021"]
[White "Babazada, Khazar"]
[Black "Bortnyk, Olexandr"]
[WhiteFideId "13413554"]
[BlackFideId "14120828"]
[WhiteElo "2302"]
[BlackElo "2723"]
[Result "1-0"]
[Round "07"]
[TimeControl "180+1"]
[Date "2021.11.09"]
[WhiteClock "0:00:22"]
[BlackClock "0:00:01"]

1. e4 e5 2. Nf3 Nc6 3. Bb5 g6 4. c3 Bg7 5. O-O Nge7 6. d4 exd4 7. cxd4 d5 8. Nc3 O-O 9. e5 Bg4 10. Be2 f6 11. exf6 Bxf6 12. Be3 Nf5 13. Qd3 Qd6 14. Rae1 Rae8 15. a3 a6 16. Bd1 Kg7 17. Kh1 Nxe3 18. fxe3 Bf5 19. Qd2 Re6 20. Bb3 Ne7 21. Ne2 Qb6 22. Ba2 c5 23. Nf4 Rd6 24. dxc5 Qxc5 25. Nd4 Bd7 26. b4 Qb6 27. Bb1 Rc8 28. Qd3 Be5 29. Qd1 Rf6 30. Qd3 Kg8 31. Ba2 Bxd4 32. exd4 Bb5 33. Qh3 Rc7 34. Rf3 Qd6 35. Qh6 Bc4 36. Nh5 1-0


[Site "https://www.chess.com"]

[Event "Titled Tuesday Blitz November 9 2021"]
[White "Bazeev, German"]
[Black "Hansen, Eric"]
[WhiteFideId "24119350"]
[BlackFideId "2606771"]
[WhiteElo "2462"]
[BlackElo "2568"]
[Result "1/2-1/2"]
[Round "07"]
[TimeControl "180+1"]
[Date "2021.11.09"]
[WhiteClock "0:01:07"]
[BlackClock "0:00:52"]

1. d4 Nf6 2. Nf3 e6 3. c4 Bb4+ 4. Bd2 Bxd2+ 5. Nbxd2 O-O 6. g3 d6 7. Bg2 Nc6 8. O-O e5 9. d5 Nb8 10. Ne1 Nbd7 11. Nd3 a5 12. Rc1 b6 13. b3 Nc5 14. Nxc5 bxc5 15. a4 Bf5 16. e4 Bd7 17. Nb1 g6 18. Nc3 h5 19. Qd2 h4 20. Qg5 h3 21. Bf3 Kg7 22. Be2 Rb8 23. Rb1 Nh7 24. Qd2 Re8 25. Nb5 Ra8 26. Bd3 Qg5 27. Qxg5 Nxg5 28. Nxc7 Nf3+ 29. Kh1 Nd2 30. Nxa8 Rxa8 31. Rfd1 Nxb1 32. Bxb1 f5 33. f3 Kf6 34. Kg1 Rb8 35. Bc2 g5 36. Kf2 f4 1/2-1/2


[Site "https://www.chess.com"]

[Event "Titled Tuesday Blitz November 9 2021"]
[White "Bortnyk, Mykola"]
[Black "Kollars, Dmitrij"]
[WhiteFideId "14120836"]
[BlackFideId "12909572"]
[WhiteElo "2582"]
[BlackElo "2584"]
[Result "0-1"]
[Round "07"]
[TimeControl "180+1"]
[Date "2021.11.09"]
[WhiteClock "0:00:18"]
[BlackClock "0:00:14"]

1. e4 e5 2. Nf3 Nc6 3. Bb5 a6 4. Ba4 Nf6 5. Qe2 Be7 6. O-O O-O 7. c3 b5 8. Bc2 d5 9. d3 Re8 10. Rd1 h6 11. Nbd2 Bf8 12. Nf1 Be6 13. h3 a5 14. a3 a4 15. g4 Nh7 16. Ng3 d4 17. Bd2 Ng5 18. Kh2 Na5 19. cxd4 Nxf3+ 20. Qxf3 Qxd4 21. Bc3 Qd7 22. d4 exd4 23. Rxd4 Qc8 24. Nf5 c5 25. Rdd1 Qc7+ 26. Kh1 b4 27. Bd2 Nb3 28. Bxb3 Bxb3 29. Re1 Qe5 30. Bc1 bxa3 31. Rxa3 c4 32. Ra1 a3 33. Rxa3 Bxa3 34. bxa3 Bc2 35. Ng3 Bd3 36. Kh2 Qc3 37. Rg1 Qc2 38. e5 Ra6 39. g5 hxg5 40. Bxg5 Rg6 41. Bf4 Bf5 42. Rc1 Qd3 43. Qe3 Qxe3 44. Bxe3 Bd3 45. f4 Ra8 46. Rc3 Rga6 47. Bc1 Rb6 48. f5 Rb3 49. Rxb3 cxb3 50. e6 fxe6 51. fxe6 Re8 52. Nh5 Rxe6 53. Nf4 Rd6 54. Kg3 Be4 55. Kf2 Rc6 56. Bb2 Rc2+ 57. Ke3 Rxb2 58. Kxe4 Rc2 59. Kd3 Rc8 0-1


[Site "https://www.chess.com"]

[Event "Titled Tuesday Blitz November 9 2021"]
[White "Costachi, Mihnea"]
[Black "Maghsoodloo, Parham"]
[WhiteFideId "1217518"]
[BlackFideId "12539929"]
[WhiteElo "2482"]
[BlackElo "2601"]
[Result "1-0"]
[Round "07"]
[TimeControl "180+1"]
[Date "2021.11.09"]
[WhiteClock "0:00:12"]
[BlackClock "0:00:29"]

1. d4 Nf6 2. c4 e6 3. Nf3 d5 4. Nc3 dxc4 5. e3 a6 6. Bxc4 b5 7. Bb3 Bb7 8. O-O Nbd7 9. e4 b4 10. e5 bxc3 11. exf6 Nxf6 12. bxc3 Bd6 13. Bg5 O-O 14. Qe2 h6 15. Bh4 Be7 16. Rfe1 Nd5 17. Bxe7 Qxe7 18. c4 Nf4 19. Qe3 Qf6 20. d5 exd5 21. cxd5 Bxd5 22. Bxd5 Nxd5 23. Qe5 Rfd8 24. Rac1 Rac8 25. Qxf6 Nxf6 26. Rc6 Rd6 27. Rec1 Rxc6 28. Rxc6 Rb8 29. g3 Rb1+ 30. Kg2 Rb2 31. Rxa6 Ne4 32. Ne5 Rxf2+ 33. Kg1 Re2 34. Ra8+ Kh7 35. Nxf7 Nd2 36. h4 Kg6 37. Nd8 Kf5 38. Ra4 c5 39. Rf4+ Ke5 40. a4 Kd5 41. a5 c4 42. a6 Ne4 43. Rf5+ Kd4 44. a7 Re1+ 45. Kg2 Re2+ 46. Kg1 Ra2 47. Ra5 Rb2 48. a8=Q Rb1+ 49. Kg2 Rb2+ 50. Kf3 Rb3+ 51. Kf4 g5+ 52. hxg5 hxg5+ 53. Kf5 Nxg3+ 54. Kg6 Rb6+ 55. Kg7 Nf5+ 56. Kf8 Ne3 57. Qa7 1-0


[Site "https://www.chess.com"]

[Event "Titled Tuesday Blitz November 9 2021"]
[White "Csonka, Balazs"]
[Black "Sjugirov, Sanan"]
[WhiteFideId "742910"]
[BlackFideId "4189302"]
[WhiteElo "2404"]
[BlackElo "2653"]
[Result "0-1"]
[Round "07"]
[TimeControl "180+1"]
[Date "2021.11.09"]
[WhiteClock "0:00:02"]
[BlackClock "0:00:59"]

1. e4 c5 2. Nf3 Nf6 3. Nc3 d6 4. d4 cxd4 5. Nxd4 a6 6. Be3 e5 7. Nb3 Be6 8. f3 h5 9. Nd5 Bxd5 10. exd5 Nbd7 11. Qd2 g6 12. O-O-O Bg7 13. Be2 b6 14. Kb1 Nc5 15. Nxc5 bxc5 16. h4 Qb6 17. g4 Rb8 18. b3 hxg4 19. fxg4 Ne4 20. Qe1 Qb4 21. Bd2 Nxd2+ 22. Qxd2 a5 23. g5 a4 24. h5 gxh5 25. Bxh5 axb3 26. axb3 e4 27. Qxb4 cxb4 28. Rdf1 Ra8 29. Bxf7+ Ke7 30. c3 Rxh1 31. Rxh1 Bxc3 32. Rh7 Ra1+ 33. Kc2 Ra2+ 34. Kc1 e3 35. Bg6+ Kf8 36. Rf7+ Kg8 37. Re7 e2 38. Kb1 Rd2 39. Bf7+ Kf8 0-1


[Site "https://www.chess.com"]

[Event "Titled Tuesday Blitz November 9 2021"]
[White "Djokic, Mihailo"]
[Black "Ozen, Bahadir"]
[WhiteFideId "976440"]
[BlackFideId "6337058"]
[WhiteElo "2008"]
[BlackElo "2503"]
[Result "1-0"]
[Round "07"]
[TimeControl "180+1"]
[Date "2021.11.09"]
[WhiteClock "0:00:05"]
[BlackClock "0:00:08"]

1. e4 e6 2. d4 d5 3. Nc3 Bb4 4. e5 c5 5. a3 Bxc3+ 6. bxc3 Qa5 7. Bd2 Qa4 8. Qb1 c4 9. Nh3 Nc6 10. Nf4 Nge7 11. g3 Bd7 12. Be2 O-O-O 13. h4 f6 14. exf6 gxf6 15. Nh5 Rhf8 16. O-O e5 17. dxe5 fxe5 18. Bg5 Bf5 19. Ra2 Rf7 20. Rb2 b6 21. g4 Be6 22. f4 Rg8 23. f5 Bxf5 24. gxf5 h6 25. f6 hxg5 26. fxe7 gxh4+ 27. Kh2 Rxe7 28. Qd1 Qa5 29. Qe1 Qxa3 30. Rb5 Qd6 31. Qxh4 e4+ 32. Qf4 Qg6 33. Qf5+ Qxf5 34. Rxf5 d4 35. Bxc4 Rh8 36. Bd5 Ne5 37. cxd4 Nf3+ 38. Rxf3 exf3 39. Bxf3 Rc7 40. Be4 Re8 41. Re5 Rxe5 42. dxe5 Re7 43. e6 Kc7 44. Nf4 Kd6 45. Kg3 a5 46. Bd3 a4 47. Bc4 a3 48. Bb3 b5 49. Nd3 Rg7+ 50. Kf4 Ke7 51. Ne5 Rg2 52. Nc6+ Ke8 53. Nb4 Rh2 54. Ke3 Rh3+ 55. Kd4 Rh4+ 56. Kc5 Ke7 57. Nc6+ Ke8 58. Kxb5 Rh3 59. Nb4 Rh1 60. Ka4 Ra1 61. Na2 Ke7 62. Kxa3 Rh1 63. Kb4 Kd6 64. Nc3 Rh4+ 65. Bc4 Kc6 66. Kb3 Rh7 67. Na2 Kc5 68. c3 Rb7+ 69. Nb4 Kd6 70. Kc2 Rh7 71. Kd3 Rh2 72. Bb3 Rh3+ 73. Kc4 Rh4+ 74. Kb5 Rh5+ 75. Kb6 Rh3 76. Na2 Rg3 77. Bc4 Rg2 78. Kb5 Rb2+ 79. Nb4 Rf2 80. Ka4 Rf4 81. Kb3 Rh4 82. Nd3 Rg4 83. Nf2 Rf4 84. Nd3 Rg4 85. Nb2 Rg3 86. Kc2 Rg2+ 87. Kb3 Rg3 88. Kb4 Rg4 89. Na4 Rg5 90. Nb6 Rh5 91. Nc8+ Kc7 92. e7 Kd7 93. Bf7 Rh4+ 94. c4 Re4 95. e8=Q+ Rxe8 96. Bxe8+ Kxc8 97. Bb5 1-0


[Site "https://www.chess.com"]

[Event "Titled Tuesday Blitz November 9 2021"]
[White "Dzhumagaliev, Yan"]
[Black "Budrewicz, Krzysztof"]
[WhiteFideId "24100110"]
[BlackFideId "1127950"]
[WhiteElo "2507"]
[BlackElo "2242"]
[Result "1-0"]
[Round "07"]
[TimeControl "180+1"]
[Date "2021.11.09"]
[WhiteClock "0:00:07"]
[BlackClock "0:00:10"]

1. h4 e5 2. h5 d5 3. c3 c5 4. d3 Nc6 5. e4 dxe4 6. dxe4 Qxd1+ 7. Kxd1 Be6 8. Kc2 Nf6 9. f3 h6 10. Be3 Be7 11. Nd2 b6 12. Bb5 Rc8 13. Nc4 Nd7 14. Rd1 O-O 15. Kb1 Rfd8 16. Ne2 Kh7 17. Nd6 Rc7 18. Ng3 Kg8 19. Ndf5 Kf8 20. Rd2 Ndb8 21. Rhd1 Rxd2 22. Rxd2 Rd7 23. Rxd7 Bxd7 24. Bc4 Be6 25. Bxe6 fxe6 26. Nxe7 Kxe7 27. a4 Nd7 28. Ne2 c4 29. Ka2 Kd6 30. Ng3 a6 31. Nf1 b5 32. axb5 axb5 33. b3 Na5 34. bxc4 Nxc4 35. Kb3 Nxe3 36. Nxe3 Kc5 37. Ng4 Kc6 38. Kb4 Kb6 39. Nf2 Nc5 40. c4 bxc4 41. Kxc4 Kc6 42. g3 Kd6 43. Ng4 Nd7 44. Kb5 Nb8 45. Ne3 Nd7 46. Nc4+ Kc7 47. g4 Kd8 48. Kc6 Ke7 49. Kc7 Nc5 50. Nxe5 Nb3 51. f4 Nc5 52. Ng6+ Kf7 53. e5 Ne4 54. Kd7 Nc5+ 55. Kc6 Ne4 56. Kc7 Nf2 57. f5 Nxg4 58. Nh8+ Ke7 59. Ng6+ Kf7 60. Kd7 Nxe5+ 61. Nxe5+ Kf6 62. fxe6 1-0


[Site "https://www.chess.com"]

[Event "Titled Tuesday Blitz November 9 2021"]
[White "Erdogdu, Mert"]
[Black "Moskalenko, Alexander"]
[WhiteFideId "6301495"]
[BlackFideId "4155351"]
[WhiteElo "2485"]
[BlackElo "2515"]
[Result "0-1"]
[Round "07"]
[TimeControl "180+1"]
[Date "2021.11.09"]
[WhiteClock "0:00:17"]
[BlackClock "0:01:54"]

1. e4 d6 2. d4 Nf6 3. Nc3 e5 4. Nf3 Nbd7 5. Bc4 Be7 6. a4 O-O 7. O-O a6 8. Re1 b6 9. h3 Bb7 10. Ba2 c6 11. Bg5 Qc7 12. Nh4 Rfe8 13. Nf5 Bf8 14. Qf3 exd4 15. Nxd4 Ne5 16. Qg3 Nfd7 17. Rad1 b5 18. Nf5 b4 19. Nb1 Nc5 20. Bf6 Ng6 21. Bd4 Nxe4 22. Qg4 d5 23. h4 Qf4 24. Qh3 Bc8 25. g4 Bxf5 26. gxf5 Nxh4 27. Re3 Nxf5 28. Rf3 Ng5 29. Qxf5 Nxf3+ 0-1


[Site "https://www.chess.com"]

[Event "Titled Tuesday Blitz November 9 2021"]
[White "Gaehwiler, Gabriel"]
[Black "Martinez Alcantara, Jose Eduardo"]
[WhiteFideId "1314530"]
[BlackFideId "3805662"]
[WhiteElo "2320"]
[BlackElo "2690"]
[Result "0-1"]
[Round "07"]
[TimeControl "180+1"]
[Date "2021.11.09"]
[WhiteClock "0:00:02"]
[BlackClock "0:00:11"]

1. d4 Nf6 2. c4 e6 3. g3 Bb4+ 4. Bd2 Qe7 5. Bg2 Bxd2+ 6. Qxd2 d6 7. Nf3 e5 8. Nc3 O-O 9. O-O Re8 10. e4 Bg4 11. Ne1 Nc6 12. Nc2 exd4 13. Nxd4 Nxd4 14. Qxd4 Qe5 15. Qxe5 dxe5 16. Nd5 Rac8 17. f3 Be6 18. Rac1 Nd7 19. Rfd1 a5 20. c5 c6 21. Ne3 Rcd8 22. Kf2 Kf8 23. g4 g6 24. Nd5 Rc8 25. Ne3 Red8 26. b3 Ke7 27. Bf1 f6 28. h4 Nf8 29. Be2 Bf7 30. Rb1 Ne6 31. Nc4 Rxd1 32. Rxd1 Nxc5 33. Nxa5 b6 34. b4 Ne6 35. Nc4 Nd4 36. Nxb6 Rb8 37. Na4 Rxb4 38. Nc3 Rb2 39. Ke3 Bxa2 40. Rd2 Rb3 41. Rd3 Bb1 42. Nxb1 Rxb1 43. Bd1 Rb2 44. Rc3 Rh2 45. Ra3 Rxh4 46. Ra7+ Ke6 47. Kd3 Rh1 48. Ba4 Rh3 49. Kc4 Kd6 50. Ra8 Rxf3 51. Rd8+ Kc7 52. Rh8 Rf4 53. Rxh7+ Kb6 54. Kd3 Rxg4 55. Re7 Kc5 56. Rf7 Rg3+ 57. Kd2 Rf3 58. Bd1 Rf4 59. Ke3 Kd6 60. Rg7 g5 61. Rf7 Ne6 62. Bb3 Nc5 63. Bc2 g4 64. Rg7 Ne6 65. Ke2 Nd4+ 66. Ke3 Nxc2+ 0-1


[Site "https://www.chess.com"]

[Event "Titled Tuesday Blitz November 9 2021"]
[White "Grischuk, Alexander"]
[Black "Yashmetov, Mikhail"]
[WhiteFideId "4126025"]
[BlackFideId "24198900"]
[WhiteElo "2757"]
[BlackElo "2305"]
[Result "1-0"]
[Round "07"]
[TimeControl "180+1"]
[Date "2021.11.09"]
[WhiteClock "0:01:35"]
[BlackClock "0:00:06"]

1. e4 c5 2. Nc3 g6 3. Nf3 Bg7 4. d4 cxd4 5. Nxd4 Nc6 6. Be3 Nf6 7. Bc4 O-O 8. Bb3 Re8 9. f4 e5 10. fxe5 Nxe5 11. O-O a6 12. Kh1 d6 13. Bg5 h6 14. Bh4 g5 15. Bg3 Bg4 16. Qd2 Qb6 17. Nf5 Bxf5 18. Rxf5 Ng6 19. Raf1 Nxe4 20. Nxe4 Rxe4 21. Rxf7 Kh7 22. Qd5 Qd4 23. Rxg7+ Kxg7 24. Qxb7+ 1-0


[Site "https://www.chess.com"]

[Event "Titled Tuesday Blitz November 9 2021"]
[White "Gubajdullin, Alexei"]
[Black "Khanin, Semen"]
[WhiteFideId "4141202"]
[BlackFideId "4111990"]
[WhiteElo "2268"]
[BlackElo "2442"]
[Result "1/2-1/2"]
[Round "07"]
[TimeControl "180+1"]
[Date "2021.11.09"]
[WhiteClock "0:00:26"]
[BlackClock "0:00:04"]

1. d4 Nf6 2. Nf3 g6 3. Bf4 Bg7 4. e3 b6 5. Be2 Bb7 6. O-O d6 7. a4 a6 8. a5 b5 9. c4 bxc4 10. Bxc4 O-O 11. Nc3 Nbd7 12. b4 Ne4 13. Nxe4 Bxe4 14. b5 axb5 15. Bxb5 c6 16. Bd3 Bxd3 17. Qxd3 Rxa5 18. Rxa5 Qxa5 19. Qe4 e5 20. dxe5 dxe5 21. Bg3 Qd5 22. Qc2 e4 23. Rd1 Qf5 24. Nh4 Qe6 25. Rd6 Qe7 26. Qxc6 Ne5 27. Qd5 Nd3 28. h3 Bf6 29. Rd7 Qe6 30. Qxe6 fxe6 31. Nf3 exf3 32. Rxd3 fxg2 33. Kxg2 Rf7 34. Rd6 Re7 35. Kf3 Kf7 36. Ke4 Rb7 37. Ra6 g5 38. Rc6 h5 39. Rc7+ Rxc7 40. Bxc7 Kg6 41. f3 Bb2 42. Be5 Bc1 43. Bd4 Bd2 44. Ke5 Kf7 45. Kd6 Bb4+ 46. Kd7 Be1 47. e4 Bg3 48. Be3 Kf6 49. Bd4+ Kf7 50. Bc3 Bf4 51. Bd4 Bg3 1/2-1/2


[Site "https://www.chess.com"]

[Event "Titled Tuesday Blitz November 9 2021"]
[White "Harshavardhan G B"]
[Black "Ozen, Deniz"]
[WhiteFideId "25059009"]
[BlackFideId "6349196"]
[WhiteElo "1825"]
[BlackElo "2326"]
[Result "1-0"]
[Round "07"]
[TimeControl "180+1"]
[Date "2021.11.09"]
[WhiteClock "0:01:01"]
[BlackClock "0:00:09"]

1. d4 d5 2. c4 c6 3. Nf3 Nf6 4. Nc3 dxc4 5. a4 Bf5 6. Ne5 Nbd7 7. Nxc4 e6 8. g3 Bb4 9. Bg2 O-O 10. O-O h6 11. a5 Qe7 12. Qb3 Bxc3 13. bxc3 Be4 14. Ba3 c5 15. Bxe4 Nxe4 16. f3 Nd6 17. Nxd6 Qxd6 18. Qxb7 Rfb8 19. Qe4 Qc7 20. Rfd1 Rc8 21. Kg2 Nf6 22. Qd3 cxd4 23. cxd4 Qxa5 24. Be7 Qc7 25. Bxf6 gxf6 26. Qe3 Kg7 27. d5 Qc3 28. Qf4 Rc4 29. Qd6 Qb4 30. dxe6 Qxd6 31. Rxd6 fxe6 32. Rxe6 a5 33. e4 a4 34. Ra3 Rb4 35. g4 Rb3 36. Rxb3 axb3 37. Rb6 Ra2+ 38. Kg3 b2 39. h4 Kf7 40. Kf4 Ke7 41. Kf5 Kd7 42. Kg6 Kc7 43. Rb4 Kc6 44. Kxh6 Kc5 45. Rb8 Kc4 46. Kg6 Kc3 47. h5 Ra1 48. h6 Rh1 49. h7 Rh3 50. Kg7 1-0


[Site "https://www.chess.com"]

[Event "Titled Tuesday Blitz November 9 2021"]
[White "Hjartarson, Johann"]
[Black "Grachev, Boris"]
[WhiteFideId "2300044"]
[BlackFideId "4129199"]
[WhiteElo "2502"]
[BlackElo "2555"]
[Result "1/2-1/2"]
[Round "07"]
[TimeControl "180+1"]
[Date "2021.11.09"]
[WhiteClock "0:00:27"]
[BlackClock "0:00:04"]

1. e4 c5 2. Nf3 e6 3. b3 b6 4. Bb2 Bb7 5. Bd3 Nc6 6. a3 d5 7. exd5 exd5 8. O-O Nf6 9. Bb5 Be7 10. Ne5 Qc7 11. Re1 a6 12. Nxc6 Bxc6 13. Bxf6 gxf6 14. Bxc6+ Qxc6 15. Qf3 Rc8 16. Nc3 Rd8 17. Re2 Kf8 18. Rae1 Rd7 19. g3 h5 20. d3 h4 21. Nxd5 Qxd5 22. Qxd5 Rxd5 23. Rxe7 Kg7 24. Rb7 Rd6 25. Ree7 Rf8 26. Kg2 hxg3 27. hxg3 f5 28. Kf3 Kg6 29. a4 a5 30. Kf4 Rd4+ 31. Kf3 Rd6 32. Ke3 Rf6 33. f3 Rh8 34. Kd2 Rh3 35. Re8 Kg7 36. Rbb8 Rh2+ 37. Kc3 Rd6 38. Rg8+ Kf6 39. Rh8 Rxh8 40. Rxh8 Kg5 41. Rg8+ Kf6 42. Kc4 Rd4+ 43. Kb5 Rb4+ 44. Kc6 Ke5 45. Rd8 f4 46. g4 Kf6 47. Rb8 Kg5 48. Rxb6 Kh4 49. Kxc5 Rxb6 50. Kxb6 Kg3 51. b4 Kxf3 52. bxa5 Kxg4 53. a6 f3 54. a7 f2 55. a8=Q f1=Q 56. Qg8+ Kh5 57. Qg3 f5 58. a5 f4 59. Qh2+ Kg4 60. a6 Qb1+ 61. Kc5 Qa2 62. Qg2+ Kh4 63. Kb6 Qb2+ 64. Kc5 Qa3+ 65. Kb5 Qb2+ 66. Kc4 Qa2+ 67. Kb5 Qb2+ 68. Ka5 Qa3+ 69. Kb6 Qd6+ 70. Kb5 Qd7+ 71. Kb4 Qe7+ 72. Kb5 Qe5+ 73. Kc6 Qf6+ 74. Kb7 Qf7+ 75. Kb6 f3 76. Qf2+ Kg4 77. a7 Qf6+ 78. Kb7 Qe7+ 79. Ka6 Qa3+ 80. Kb6 Qb4+ 81. Kc7 Qe7+ 82. Kc6 Qe6+ 83. Kc5 Qe7+ 84. Kc4 Qc7+ 85. Kb3 Qb7+ 86. Kc3 Qc7+ 87. Kd2 Qa5+ 88. Kc1 Qa1+ 89. Kd2 Qa5+ 90. Kc1 Qa1+ 91. Kd2 Qa5+ 1/2-1/2


[Site "https://www.chess.com"]

[Event "Titled Tuesday Blitz November 9 2021"]
[White "Jobava, Baadur"]
[Black "Visakh N R"]
[WhiteFideId "13601520"]
[BlackFideId "25012223"]
[WhiteElo "2731"]
[BlackElo "2454"]
[Result "1-0"]
[Round "07"]
[TimeControl "180+1"]
[Date "2021.11.09"]
[WhiteClock "0:01:12"]
[BlackClock "0:00:28"]

1. e4 c5 2. c3 d5 3. exd5 Qxd5 4. d4 Nf6 5. Nf3 Nc6 6. dxc5 Qxc5 7. Be3 Qa5 8. Na3 Bg4 9. h3 Bxf3 10. Qxf3 e5 11. Nc4 Qc7 12. O-O-O Be7 13. g4 Nd7 14. Kb1 Nc5 15. Rd5 Ne6 16. Bd3 Rd8 17. Rd1 Rxd5 18. Qxd5 O-O 19. Bf5 Rd8 20. Qh1 Nf4 21. Rxd8+ Qxd8 22. Nxe5 Nxe5 23. Bxf4 Nc4 24. Bxh7+ Kxh7 25. Qe4+ Kg8 26. Qxc4 Qd1+ 27. Bc1 Qf3 28. Qc8+ Bf8 29. a3 b5 30. Qf5 Qxh3 31. Qxb5 Qxg4 32. Be3 Qe4+ 33. Ka2 Qe6+ 34. c4 a6 35. Qd5 Qxd5 36. cxd5 Bd6 37. Kb3 g5 38. Bxg5 f5 39. Kc4 1-0


[Site "https://www.chess.com"]

[Event "Titled Tuesday Blitz November 9 2021"]
[White "Kamsky, Gata"]
[Black "Siva Mahadevan"]
[WhiteFideId "2000024"]
[BlackFideId "25043153"]
[WhiteElo "2645"]
[BlackElo "2203"]
[Result "0-1"]
[Round "07"]
[TimeControl "180+1"]
[Date "2021.11.09"]
[WhiteClock "0:01:19"]
[BlackClock "0:01:53"]

1. e4 c5 2. Nc3 Nc6 3. Bc4 Nf6 4. d3 e6 5. a3 d5 6. Ba2 dxe4 7. Nxe4 Nxe4 8. dxe4 Qxd1+ 9. Kxd1 b6 10. Nf3 Ba6 11. Be3 O-O-O 12. Kc1 h6 13. h4 Be7 14. Nd2 Ne5 15. f3 g5 16. h5 Rd7 17. Re1 Rhd8 18. a4 Kb7 19. a5 Bf6 20. axb6 axb6 21. Bb3 c4 22. Rxa6 Kxa6 23. Nxc4 Nxc4 24. Bxc4+ b5 25. Bd3 Bd4 26. Bd2 Kb6 27. Bf1 Bxb2+ 28. Kxb2 Rxd2 0-1


[Site "https://www.chess.com"]

[Event "Titled Tuesday Blitz November 9 2021"]
[White "Kobalia, Mikhail"]
[Black "Ghazarian, Kirk"]
[WhiteFideId "4119150"]
[BlackFideId "30908604"]
[WhiteElo "2543"]
[BlackElo "2003"]
[Result "1-0"]
[Round "07"]
[TimeControl "180+1"]
[Date "2021.11.09"]
[WhiteClock "0:00:52"]
[BlackClock "0:00:21"]

1. e4 c5 2. Nf3 e6 3. d4 cxd4 4. Nxd4 Nc6 5. Nc3 Qc7 6. Qd3 Nf6 7. Bg5 a6 8. O-O-O b5 9. Nxc6 Qxc6 10. e5 b4 11. exf6 bxc3 12. Be2 Rb8 13. Bf3 Qa4 14. Qxc3 Rg8 15. a3 Qb5 16. Bf4 gxf6 17. Bxb8 Qxb8 18. Rhe1 Bd6 19. Rxd6 1-0


[Site "https://www.chess.com"]

[Event "Titled Tuesday Blitz November 9 2021"]
[White "Kovalenko, Igor"]
[Black "Cunjalo, Faris"]
[WhiteFideId "14117908"]
[BlackFideId "14410710"]
[WhiteElo "2629"]
[BlackElo "2263"]
[Result "0-1"]
[Round "07"]
[TimeControl "180+1"]
[Date "2021.11.09"]
[WhiteClock "0:00:10"]
[BlackClock "0:00:06"]

1. d4 Nf6 2. Nf3 e6 3. e3 d5 4. Bd3 Bd6 5. O-O O-O 6. b3 a5 7. c4 b6 8. Nc3 Bb7 9. Bb2 Nbd7 10. Rc1 Ne4 11. Nb5 Rc8 12. cxd5 exd5 13. Nxd6 Nxd6 14. Ba3 Qf6 15. Qe2 Rfe8 16. Rc2 Ne4 17. Rfc1 c6 18. h3 h6 19. Nd2 Nd6 20. Qf3 Qxf3 21. gxf3 Re6 22. Nf1 g6 23. Ng3 Ne8 24. h4 Ng7 25. f4 f5 26. h5 Nf6 27. hxg6 Ne4 28. Bxe4 dxe4 29. d5 Rxg6 30. Bb2 c5 31. Kh2 Rf8 32. Rd2 Bc8 33. d6 Bd7 34. Rg1 Kh7 35. Be5 Ne8 36. Kg2 Nf6 37. Bxf6 Rfxf6 38. Rgd1 Kg8 39. Rd5 Kf7 40. Kh3 Ke8 41. Nh5 Rf7 42. Re5+ Kd8 43. Ng3 Be6 44. Kg2 Kd7 45. Kf1 Rg8 46. Ke2 Rh8 47. Kd2 h5 48. Rh1 h4 49. Ne2 Kxd6 50. Ng1 Re7 51. Nh3 Bd7 52. Ng5 Rxe5 53. fxe5+ Ke7 54. Ke2 Bb5+ 55. Kd2 Rg8 56. Nh7 Rg2 57. Ke1 Ke6 58. Rxh4 Kxe5 59. Rh6 Rg1+ 60. Kd2 Rf1 61. Rxb6 Rxf2+ 62. Ke1 Rf1+ 63. Kd2 Bd3 64. Ng5 Rf2+ 65. Kc3 Rc2# 0-1


[Site "https://www.chess.com"]

[Event "Titled Tuesday Blitz November 9 2021"]
[White "Makhnev, Denis"]
[Black "Vasquez Schroeder, Rodrigo"]
[WhiteFideId "13707647"]
[BlackFideId "3400042"]
[WhiteElo "2537"]
[BlackElo "2568"]
[Result "1-0"]
[Round "07"]
[TimeControl "180+1"]
[Date "2021.11.09"]
[WhiteClock "0:00:09"]
[BlackClock "0:00:05"]

1. e4 e5 2. Nf3 Nc6 3. Bc4 Nf6 4. d3 Be7 5. O-O O-O 6. Re1 d6 7. a4 Kh8 8. c3 Ng8 9. d4 f5 10. exf5 Bxf5 11. dxe5 Bg4 12. Be2 dxe5 13. h3 Bf5 14. Be3 Nf6 15. Qb3 Qc8 16. Nbd2 Be6 17. Qc2 Nd5 18. Bd3 h6 19. Bg6 Rf6 20. Be4 Bd6 21. Nh4 Nde7 22. Rad1 Qg8 23. Nf1 Bb3 24. Qe2 Bxd1 25. Rxd1 Raf8 26. Bb1 g5 27. Nf3 Nf5 28. Bc1 Qg7 29. N1h2 Bc5 30. Ng4 Rd6 31. b4 Rxd1+ 32. Qxd1 Bd6 33. Be4 a6 34. a5 Nfe7 35. Qc2 Nd8 36. h4 h5 37. Ne3 gxh4 38. Nxh4 Ne6 39. Nef5 Nxf5 40. Nxf5 Qf6 41. Qe2 Qf7 42. Nh6 Qe8 43. Nf5 Nf4 44. Bxf4 exf4 45. Qf3 Qf7 46. Nh4 Rg8 47. Bd5 Qe8 48. Bxg8 Kxg8 49. Qd5+ Kf8 50. Nf3 Kg7 51. Qxb7 Qe2 52. Qd5 Kg6 53. Qg5+ Kf7 54. Qxh5+ Ke7 55. Qh7+ Kd8 56. Qg8+ Kd7 57. Qg4+ Kc6 58. Nd4+ 1-0


[Site "https://www.chess.com"]

[Event "Titled Tuesday Blitz November 9 2021"]
[White "Maksimovic, Bojan"]
[Black "Hasangatin, Ramil"]
[WhiteFideId "14408120"]
[BlackFideId "4122160"]
[WhiteElo "2439"]
[BlackElo "2375"]
[Result "1/2-1/2"]
[Round "07"]
[TimeControl "180+1"]
[Date "2021.11.09"]
[WhiteClock "0:00:02"]
[BlackClock "0:00:06"]

1. Nf3 Nf6 2. c4 c6 3. b3 d5 4. Bb2 Bf5 5. g3 e6 6. Bg2 Nbd7 7. O-O Be7 8. d3 h6 9. Nbd2 O-O 10. a3 a5 11. Ne5 Nxe5 12. Bxe5 Nd7 13. Bb2 Bf6 14. Qc2 Bxb2 15. Qxb2 Qf6 16. Qxf6 Nxf6 17. Rfb1 Ra7 18. Nf3 Bg4 19. Kf1 Bxf3 20. Bxf3 Rfa8 21. Ke1 Nd7 22. Kd2 a4 23. b4 Ne5 24. cxd5 exd5 25. Bg2 Rd8 26. h3 Raa8 27. Rc1 Rd6 28. Rab1 Nd7 29. e3 Rd8 30. Bf1 g5 31. Be2 Kf8 32. Bd1 b5 33. Rc2 Ke7 34. Rbc1 Nb8 35. Bg4 Rf6 36. Ke2 Kd6 37. d4 Rh8 38. Ke1 h5 39. Be2 h4 40. g4 Re8 41. Bd3 Rf3 42. Bf1 Rf6 43. Be2 Ree6 44. Rc3 Re7 45. Kf1 Rh6 46. Bd3 Rh8 47. Bf5 Rhe8 48. Ke2 Rd8 49. Kd2 Kc7 50. Rc5 Kb6 51. R5c3 Rd6 52. f3 Na6 53. Rd3 Nc7 54. e4 Ne6 55. e5 Rd8 56. Bxe6 fxe6 57. f4 gxf4 58. Rf3 Rf8 59. Rcf1 Ref7 60. Ke2 Kc7 61. Rc3 Kd7 62. Kf3 Rc8 63. Rfc1 Rff8 64. Rg1 Rf7 65. Rc2 Rg8 66. g5 Rf5 67. Rcg2 Rg6 68. Rg4 Ke7 69. R4g2 Kd7 70. Rg4 Ke7 71. R4g2 Kd7 1/2-1/2


[Site "https://www.chess.com"]

[Event "Titled Tuesday Blitz November 9 2021"]
[White "Maly, Alexey"]
[Black "Obregon, Andres Carlos"]
[WhiteFideId "14103184"]
[BlackFideId "111724"]
[WhiteElo "2294"]
[BlackElo "2572"]
[Result "0-1"]
[Round "07"]
[TimeControl "180+1"]
[Date "2021.11.09"]
[WhiteClock "0:00:49"]
[BlackClock "0:01:05"]

1. d4 d5 2. c4 dxc4 3. e3 Nf6 4. Bxc4 e6 5. Nf3 c5 6. O-O a6 7. b3 cxd4 8. Nxd4 Bd6 9. Bb2 O-O 10. Nd2 e5 11. N4f3 Nc6 12. h3 b5 13. Be2 Bb7 14. a4 Qb6 15. axb5 axb5 16. Rxa8 Rxa8 17. Qb1 Re8 18. Rd1 Nb4 19. Ng5 h6 20. Nge4 Bf8 21. Nxf6+ Qxf6 22. Bf3 Bc8 23. Ne4 Qb6 24. Ng3 g6 25. Qe4 f5 26. Qb1 e4 27. Be2 Be6 28. Bd4 Qb7 29. Rc1 Nc6 30. Ba1 Na5 31. Be5 Nxb3 32. Rc7 Qd5 33. Qb2 Bf7 34. Bf1 Qxe5 35. Qc2 Nc5 36. Bxb5 Qxc7 37. Bxe8 Bxe8 38. Ne2 Ne6 39. Qa2 Bf7 40. Qa6 Qe5 41. h4 Bd6 42. g3 g5 43. hxg5 hxg5 44. Kg2 Bh5 45. Qc8+ Bf8 46. Nc3 Bf3+ 47. Kg1 Kf7 48. Qd7+ Kg6 49. Qe8+ Kg7 50. Qd7+ Kg8 51. Qe8 f4 52. exf4 gxf4 53. Qg6+ Ng7 54. Qc6 fxg3 55. Nd5 Qa1+ 56. Qc1 Qxc1# 0-1


[Site "https://www.chess.com"]